AoeStats
← l4uchenk

Arabia

509757838Analyzed
1v1 RM · 5d ago on Sep 27, 2026· 25m 5s· 2 players
Game mode
Random Map
Map size
Tiny (2 player)
Population
200
Speed
Normal
Resources
Standard
Victory
Conquest
Starting age
Dark Age
Ending age
Imperial Age
RankedLock teamsTeams togetherTeam positionsShared explorationLock speedFull tech treeHidden civsTurbo modeCheats
Victory
Defeat
🇦🇷 Romans · Argentina
1224
+17
🇲🇽 Varangians · Mexico
1251
-17
l4uchenk
7:04 Loom
9:41 Feudal Age
9:50 Man-at-Arms
13:06 Scale Mail Armor
14:45 Fletching
16:14 Double-Bit Axe
23:49 Castle Age
21:33 Horse Collar
22:09 Gold Mining
23:55 Crossbowman
24:33 Bodkin Arrow
24:57 Chain Mail Armor
JAGR I Makako
6:45 Loom
9:07 Feudal Age
9:46 Double-Bit Axe
16:24 Wheelbarrow
17:09 Fletching
19:49 Padded Archer Armor
25:52 Castle Age
Connection lost

Rejoining the realm…

Still unreachable

The connection could not be restored.

Session expired

The server has moved on; the page needs a fresh start.